 Dungeon Crawl Stone Soup version 0.30-a0-310-g7d6cbdf (webtiles) character file.

Game seed: 15578387511022794550

13578 Sixotanaka the Carver (level 12, -3/89 (92) HPs)
             Began as a Barachi Warper on Oct 24, 2022.
             Was a High Priest of Cheibriados.
             Slain by Rupert
             ... wielding a +0 vorpal great mace
              (9 damage)
             ... on level 12 of the Dungeon.
             The game lasted 00:36:53 (10553 turns).

Sixotanaka the Carver (Barachi Warper)             Turns: 10553, Time: 00:36:53

HP:   -3/89 (92)    AC: 16    Str: 30    XL:     12   Next: 7%
MP:   15/15         EV: 13    Int: 25    God:    Cheibriados [*****.]
Gold: 1203          SH:  0    Dex: 27    Spells: 4/15 levels left

rFire   . . .      SeeInvis .    R - +0 great sword (spect)
rCold   . . .      Faith    .    (shield currently unavailable)
rNeg    . . .      Spirit   .    E - +0 acid dragon scales
rPois   .          Reflect  .    l - +0 helmet
rElec   .          Harm     .    H - scarf {+Inv}
rCorr   +          Rampage  .    (no gloves)
Will    .....                    N - +0 pair of boots
Stlth   ++........               k - amulet of regeneration
HPRegen 1.14/turn                h - +4 ring of protection
MPRegen 0.14/turn                g - +6 ring of strength

@: very slightly contaminated, studying Evocations, lightly drained, very slow
A: amphibious, slowness 1, strong legs 1, +LOS
a: Hop, Renounce Religion, Evoke Invisibility, Bend Time, Temporal Distortion,
Slouch, Step From Time


You were on level 12 of the Dungeon.
You worshipped Cheibriados.
Cheibriados was extremely pleased with you.
You visited 2 branches of the dungeon, and saw 13 of its levels.

You collected 1852 gold pieces.
You spent 649 gold pieces at shops.

Inventory:

Hand Weapons
 C - a +0 short sword of venom
 D - a +0 scimitar of protection
 R - a +0 spectral great sword (weapon)
Missiles
 d - 7 boomerangs of dispersal (quivered)
 z - a throwing net
 L - 4 boomerangs
Armour
 l - a +0 helmet (worn)
 m - a +0 cloak
 E - +0 acid dragon scales (worn)
 H - a scarf of invisibility (worn)
 N - a +0 pair of boots (worn)
Jewellery
 g - a +6 ring of strength (right hand)
 h - a +4 ring of protection (left hand)
 k - an amulet of regeneration (around neck)
 s - an amulet of reflection
 v - a ring of poison resistance
 y - a ring of protection from cold
Wands
 n - a wand of acid (9)
 F - a wand of polymorph (8)
 G - a wand of paralysis (10)
Scrolls
 a - a scroll of torment
 c - a scroll of blinking
 f - a scroll of fear
 i - 3 scrolls of amnesia
 q - 7 scrolls of teleportation
 r - 3 scrolls of immolation
 t - 4 scrolls of butterflies
 u - a scroll of magic mapping
 x - 2 scrolls of vulnerability
 P - a scroll of enchant armour
 Q - a scroll of enchant weapon {unknown}
Potions
 b - 2 potions of magic
 e - a potion of attraction
 j - 3 potions of cancellation
 o - 2 potions of flight
 p - 3 potions of invisibility
 w - a potion of lignification
 A - 3 potions of curing
 B - 2 potions of mutation {unknown}
 I - 2 potions of heal wounds {unknown}
 J - a potion of brilliance {unknown}
 K - 2 potions of might
Miscellaneous
 M - a box of beasts


   Skills:
 - Level 8.0 Fighting
 * Level 14.8 Long Blades
 - Level 1.0 Throwing
 + Level 11.7 Armour
 - Level 2.1 Dodging
 - Level 2.1 Spellcasting
 + Level 7.4 Translocations
 - Level 10.0 Evocations


You had 4 spell levels left.
You knew the following spells:

 Your Spells              Type           Power      Damage    Failure   Level
a - Blink                 Tloc           78%        N/A       1%          2
b - Lesser Beckoning      Tloc           78%        N/A       1%          3
c - Teleport Other        Tloc           39%        N/A       1%          3
d - Gell's Gravitas       Tloc           39%        N/A       1%          3

Your spell library contained the following spells:

 Spells                   Type           Power      Damage    Failure   Level
 Manifold Assault         Tloc           39%        N/A       6%          4
 Vhi's Electric Charge    Tloc/Air       42%        N/A       9%          3
 Freeze                   Ice            8%         1d3       13%         1
 Sandblast                Erth           4%         2d4       13%         1
 Shock                    Conj/Air       8%         1d3       13%         1
 Kindle Blastsparks       Fire/Tloc/Air  30%        2d12      14%         3
 Passwall                 Tmut/Erth      1%         N/A       19%         2
 Iskenderun's Mystic Bla  Conj/Tloc      21%        2d6       26%         4
 Frozen Ramparts          Ice            4%         1d1       36%         3
 Hailstorm                Conj/Ice       2%         3d3       36%         3
 Ozocubu's Armour         Ice            2%         N/A       36%         3
 Stone Arrow              Conj/Erth      4%         3d7       36%         3
 Swiftness                Air            2%         N/A       36%         3
 Airstrike                Air            1%         2d(1-17)  77%         4
 Fulminant Prism          Conj/Hex       1%         3d6       77%         4
 Lee's Rapid Deconstruct  Erth           1%         3d4*      98%         5
 Ozocubu's Refrigeration  Ice            1%         4d7       100%        7


Dungeon Overview and Level Annotations

Branches:
Dungeon (12/15)            Temple (1/1) D:6             Orc (0/2) D:10
   Lair: D:8-11

Altars:
Ashenzari
Cheibriados
Gozag
Nemelex Xobeh
Okawaru
Qazlal
Ru
Vehumet
Xom
Yredelemnul
Zin
The Shining One

Shops:
D:4 ?   D:6 :   D:10 ?

Annotations:
D:3 1 runed translucent door, Crazy Yiuf
D:4 2 transporters, bobfrom10's ghost, amateur FoGl
D:8 1 runed translucent door, bibbibbib's ghost, novice GnHu
D:12 1 runed translucent door, Rupert; porkupine's ghost, journeyman DsNe


Innate Abilities, Weirdness & Mutations

You are amphibious.
You cover ground slowly.
You can hop short distances.
You have an extended range of vision and can be seen from far away.


Message History

You hit Rupert.
Rupert is lightly wounded.
You flicker for a moment.
Rupert hits you but does no damage. Rupert hits you but does no damage.
You slice Rupert!!
Rupert is moderately wounded.
You flicker back into view.
You hear a shout! x3
Rupert roars wildly at you.
You suddenly lose the ability to move!
Rupert hits you with a +0 vorpal great mace!
The kobold demonologist casts a spell.
Rupert hits you but does no damage.
You can move again.
You slice Rupert!!
Rupert is heavily wounded.
The kobold demonologist gestures wildly while chanting.
Rupert hits you with a +0 vorpal great mace!
You closely miss Rupert.
Rupert is heavily wounded.
Rupert hits you but does no damage.
You hit Rupert but do no damage.
Rupert is heavily wounded.
Rupert looks excited.
Rupert roars madly and goes into a rage!
Rupert goes berserk!
You barely miss Rupert.
Rupert is heavily wounded.
Rupert barely misses you.
The kobold demonologist mumbles some strange words.
You slice Rupert!!
Rupert is severely wounded.
Rupert misses you.
Rupert hits you with a +0 vorpal great mace!
You slice Rupert!!
Rupert is severely wounded.
Rupert hits you with a +0 vorpal great mace!!
* * * LOW HITPOINT WARNING * * *
You die...

#.###....##....##..##.
#....##....##..#W.
#....##....##..##.
#...............##
###+###..........#
#.#............. #
#...........##..
#<######..^.....###.
#..@@KzKK.......# #.
########K######## #.
#'# #.


.zK #. .K... #. #..@... #. #...K..# ## +...K..+ #..K...# You could see Rupert
(berserk), a skeletal warrior, a kobold demonologist, a kobold brigand and 2
kobolds.

Vanquished Creatures
  Erolcha (D:10)
  A two-headed ogre (D:7)
  4 skeletal warriors (D:12)
  An orc knight (D:9)
  A deep elf pyromancer (D:12)
  A manticore (D:12)
  An unseen horror (D:10)
  4 trolls
  Grinder (D:3)
  5 slime creatures (D:12)
  Sigmund (D:2)
  3 shadows
  12 yaks
  2 humans (D:12)
  A steam dragon (D:8)
  An acid dragon (D:11)
  2 water moccasins
  4 orc warriors
  A black bear (D:4)
  An ogre (D:5)
  A sky beast (D:7)
  An ice beast (D:7)
  7 centaurs
  A phantom (D:5)
  A kobold brigand (D:8)
  5 bullfrogs
  A gnoll sergeant (D:6)
  A necrophage (D:6)
  4 scorpions
  7 wights (D:8)
  3 killer bees (D:9)
  A howler monkey (D:9)
  5 hounds
  2 gnoll boudas (D:8)
  2 jellies
  5 orc priests
  2 iguanas (D:5)
  3 orc wizards
  2 adders
  16 gnolls
  A shadow imp (D:7)
  2 worms
  2 dart slugs
  61 orcs
  5 bats
  7 endoplasms
  3 giant cockroaches
  6 goblins
  8 hobgoblins
  9 jackals
  4 quokkas
  8 ball pythons
  3 frilled lizards
  9 kobolds
  11 rats
257 creatures vanquished.

Vanquished Creatures (others)
  4 kobolds (D:8)
  A fungus (D:3)
  30 plants (D:2)
35 creatures vanquished.

Grand Total: 292 creatures vanquished

Notes
Turn   | Place    | Note
-------+----------+-------------------------------------------
     0 | D:1      | Sixotanaka the Barachi Warper began the quest for the Orb.
     0 | D:1      | Reached XP level 1. HP: 17/17 MP: 3/3
    66 | D:1      | Reached skill level 3 in Long Blades
    96 | D:1      | Reached XP level 2. HP: 23/23 MP: 5/5
   101 | D:1      | Learned a level 2 spell: Blink
   363 | D:1      | Reached skill level 4 in Long Blades
   388 | D:1      | Reached XP level 3. HP: 25/28 MP: 6/6
   893 | D:2      | Noticed Sigmund
   906 | D:2      | Killed Sigmund
   907 | D:2      | Reached skill level 7 in Long Blades
   907 | D:2      | Reached XP level 4. HP: 24/34 MP: 7/7
   907 | D:2      | Reached XP level 5. HP: 28/39 MP: 8/8
   976 | D:2      | Reached XP level 6. HP: 44/46 MP: 9/9
  1125 | D:2      | Found a faded altar of an unknown god.
  1873 | D:3      | Noticed Grinder
  1886 | D:3      | Paralysed by Grinder for 4 turns
  1897 | D:3      | Killed Grinder
  1898 | D:3      | Reached skill level 8 in Long Blades
  1898 | D:3      | Reached XP level 7. HP: 9/51 MP: 10/10
  2176 | D:3      | Reached skill level 9 in Long Blades
  2390 | D:3      | Found a stormy altar of Qazlal.
  2390 | D:3      | Found a radiant altar of Vehumet.
  2392 | D:3      | Found an opulent altar of Gozag.
  2574 | D:3      | Found a runed translucent door.
  2575 | D:3      | Noticed Crazy Yiuf
  2702 | D:4      | Found Ycleist's Magic Scroll Shop.
  2710 | D:4      | Bought a scroll of teleportation for 39 gold pieces
  2774 | D:4      | Found a transporter.
  3110 | D:4      | Found a transporter.
  3140 | D:4      | Noticed bobfrom10's ghost (amateur FoGl)
  3170 | D:4      | Reached skill level 10 in Long Blades
  3354 | D:5      | Entered Level 5 of the Dungeon
  3522 | D:5      | Reached XP level 8. HP: 57/57 MP: 11/11
  3607 | D:5      | Reached skill level 11 in Long Blades
  3709 | D:5      | Found a sparkling altar of Nemelex Xobeh.
  4070 | D:5      | Reached skill level 12 in Long Blades
  4575 | D:6      | Found a staircase to the Ecumenical Temple.
  4580 | Temple   | Entered the Ecumenical Temple
  4587 | Temple   | Became a worshipper of Cheibriados the Contemplative
  4693 | D:6      | Reached skill level 13 in Long Blades
  4856 | D:6      | Reached XP level 9. HP: 62/62 MP: 12/12
  4878 | D:6      | Found Wesykhoeqo's Tremendous Tomes.
  5366 | D:7      | Reached * piety under Cheibriados
  5518 | D:7      | Found a basalt altar of Yredelemnul.
  5558 | D:7      | Reached skill level 14 in Long Blades
  5717 | D:7      | Noticed a two-headed ogre
  5736 | D:7      | Killed a two-headed ogre
  5737 | D:7      | Reached skill level 5 in Fighting
  5939 | D:7      | Reached skill level 5 in Armour
  6263 | D:7      | Reached ** piety under Cheibriados
  6334 | D:8      | Reached XP level 10. HP: 77/77 MP: 13/13
  6356 | D:8      | Identified 2 scrolls of acquirement
  6382 | D:8      | Found a runed translucent door.
  6388 | D:8      | Noticed bibbibbib's ghost (novice GnHu)
  6655 | D:8      | Acquired 1162 gold pieces
  6658 | D:8      | Acquired a manual of Evocations
  6900 | D:8      | Reached skill level 1 in Evocations
  7159 | D:9      | Reached *** piety under Cheibriados
  7164 | D:9      | Learned a level 3 spell: Lesser Beckoning
  7168 | D:9      | Learned a level 3 spell: Teleport Other
  7605 | D:9      | Found a broken altar of Ashenzari.
  7605 | D:9      | Found a glowing silver altar of Zin.
  7988 | D:10     | Entered Level 10 of the Dungeon
  7992 | D:10     | Found a staircase to the Orcish Mines.
  7992 | D:10     | Noticed an orc knight
  8147 | D:9      | Reached skill level 5 in Translocations
  8188 | D:9      | Killed an orc knight
  8332 | D:10     | Reached **** piety under Cheibriados
  8356 | D:10     | Noticed Erolcha
  8365 | D:10     | Killed Erolcha
  8499 | D:9      | Reached XP level 11. HP: 61/86 MP: 12/14
  8941 | D:10     | Found Fakheant's Magic Scroll Boutique.
  8950 | D:10     | Bought 3 scrolls of brand weapon for 370 gold pieces
  8950 | D:10     | Bought a scroll of teleportation for 39 gold pieces
  8950 | D:10     | Bought a scroll of identify for 26 gold pieces
  8950 | D:10     | Bought a scroll of identify for 26 gold pieces
  8950 | D:10     | Bought a scroll of butterflies for 52 gold pieces
  8950 | D:10     | Bought a scroll of enchant armour for 97 gold pieces
  8984 | D:10     | Reached skill level 10 in Evocations
  9082 | D:10     | Reached skill level 10 in Armour
  9175 | D:10     | Learned a level 3 spell: Gell's Gravitas
  9378 | D:11     | Noticed a cyclops
  9519 | D:11     | Noticed a two-headed ogre
  9555 | D:12     | Noticed a skeletal warrior
  9587 | D:12     | Killed a skeletal warrior
  9588 | D:12     | Noticed a skeletal warrior
  9614 | D:12     | Killed a skeletal warrior
  9632 | D:12     | Noticed a skeletal warrior
  9651 | D:12     | Killed a skeletal warrior
  9781 | D:11     | Noticed a manticore
  9816 | D:12     | Found an iron altar of Okawaru.
  9826 | D:12     | Found a runed translucent door.
  9826 | D:12     | Noticed porkupine's ghost (journeyman DsNe)
  9897 | D:12     | Noticed a deep elf pyromancer
 10182 | D:12     | Killed a deep elf pyromancer
 10182 | D:12     | Reached ***** piety under Cheibriados
 10296 | D:12     | Noticed a manticore
 10305 | D:12     | Killed a manticore
 10408 | D:12     | Reached XP level 12. HP: 75/92 MP: 15/15
 10449 | D:12     | Acquired a scarf of invisibility
 10529 | D:12     | Noticed Rupert
 10545 | D:12     | Paralysed by Rupert for 3 turns
 10553 | D:12     | Slain by Rupert

Illustrated notes

Levels and vault maps discovered:
D:1:      dpeg_arrival_round_a, layout_basic
D:2:      layout_loops_ring, serial_bayou, serial_bayou_lagoon_a,
          serial_bayou_shore_b, serial_bayou_pond_b, serial_bayou_pond_c,
          serial_bayou_lake_a, serial_bayou_ford_a,
          shapermc_ecumenical_altar_flowoftime, uniq_sigmund
D:3:      layout_loops_ring, nicolae_overflow_hidden_temple, eino_tiny_chamber,
          uniq_grinder, uniq_crazy_yiuf_cottage
D:4:      layout_loops_cross, serial_shops, nicolae_shop_advertising_works
          [nicolae_subvault_shop_adworks], gammafunk_ghost_stat_death
D:5:      layout_rooms, nemelex_spade_bored_becter, nrook_mini_backslash,
          kennysheep_flooded_box
D:6:      layout_rooms, minmay_temple_entry_nine_rooms, minmay_misc_feat_rows,
          nicolae_shop_i_like_big_books
D:7:      layout_loops_ring, mainiacjoe_overflow_chevrons, solitary_fountain,
          grunt_ministairs_11
D:8:      layout_cave_pools, ebering_ghost_reflecting_pool
D:9:      layout_loops_corners, minitemple
D:10:     layout_long_grid, david_orc_5, serial_shops, shop,
          hangedman_abyss_or_decor_lesser_grid, uniq_erolcha
D:11:     layout_long_grid, dpeg_oklobed_lair
D:12:     layout_basic, hellmonk_ghost_happy_afterlife, okawaru_humans,
          uniq_rupert
Temple:   eino_wide_crystal_templ

Skill      XL: |  1  2  3  4  5  6  7  8  9 10 11 |
---------------+----------------------------------+-----
Long Blades    | 3 4 7 8 10 13 14 | 14.8
Fighting       | 6 8 |  8.0
Armour         | 6 8 11 | 11.7
Translocations | 5 7 |  7.4
Evocations     | 8 10 | 10.0
Throwing       | |  1.0
Dodging        | |  2.1
Spellcasting   | |  2.1

Action                   |  1- 3 |  4- 6 |  7- 9 | 10-12 || total
-------------------------+-------+-------+-------+-------++-------
Melee: Falchion          |   148 |    90 |   421 |       ||   659
       Punch             |     2 |       |     7 |     6 ||    15
       Scimitar          |       |       |   102 |   492 ||   594
       Great sword       |       |       |       |    52 ||    52
Throw: Boomerang         |       |       |     2 |       ||     2
 Cast: Blink             |       |       |     3 |     3 ||     6
       Lesser Beckoning  |       |       |       |     4 ||     4
 Abil: Hop               |       |       |     5 |     6 ||    11
       Evoke Invisibilit |       |       |       |     1 ||     1
Evoke: Wand              |       |       |       |     1 ||     1
  Use: Potion            |     2 |     2 |     3 |     2 ||     9
       Scroll            |       |       |    10 |    12 ||    22
 Stab: Sleeping          |       |       |       |     2 ||     2
       Distracted        |       |       |       |     1 ||     1
       Invisible         |       |       |       |     4 ||     4
Armor: Leather armour    |    50 |    22 |   142 |       ||   214
       Skin              |       |     2 |     2 |       ||     4
       Acid dragon scale |       |       |    47 |   260 ||   307
Dodge: Dodged            |   115 |    34 |   271 |   276 ||   696
Block: Other             |       |       |     5 |       ||     5
       Reflection        |       |       |     1 |       ||     1

Table legend: (Time is in decaauts)
 A = Elapsed time spent in this place.
 B = Non-inter-level travel time spent in this place.
 C = Inter-level travel time spent in this place.
 D = Time resting spent in this place.
 E = Time spent auto-exploring this place.
 F = Levels seen in this place.
 G = Mean time per level.
                   A        B        C        D        E       F      G
               +--------+--------+--------+--------+--------+-----+--------+
         Total |  14000 |  13211 |    789 |   1543 |   8319 |  13 | 1076.9 |
       Dungeon |  13981 |  13201 |    780 |   1543 |   8319 |  12 | 1165.1 |
        Temple |     18 |      9 |      9 |      0 |      0 |   1 |   18.0 |
               +--------+--------+--------+--------+--------+-----+--------+

Top non-repeatable levels by time:
     D:9: 2166 daAuts
    D:12: 1576 daAuts
    D:10: 1472 daAuts
     D:7: 1441 daAuts
     D:2: 1207 daAuts
     D:8: 1157 daAuts
     D:4: 1047 daAuts
     D:5: 1015 daAuts
     D:3: 1001 daAuts
     D:6: 908 daAuts
     D:1: 753 daAuts
    D:11: 233 daAuts
  Temple: 18 daAuts
